HSSL
SANTA FE HS CHIEFS @ SHELBY HS ROCKETS
04/05/2023
 
TOP OF THE 1ST
Santa Fe HS Chiefs batting - Pitching for Shelby HS Rockets : LHP Nathaniel Phillips
Pitching: LHP Nathaniel Phillips
Batting: RHB Art Cameron 0-0: Ball
1-0: Foul Ball, location: 2F
1-1: Foul Ball, location: 2F
1-2: Ground out 3-1 (Groundball, 34)
Batting: LHB Bob Jones 0-0: Swinging Strike
0-1: Foul Ball, location: 2F
0-2: Ball
1-2: Foul Ball, location: 2F
1-2: SINGLE (Flyball, 8RS)
Batting: RHB Jeff Bane 0-0: Called Strike
0-1: Foul Ball, location: 2F
0-2: Ball
1-2: Foul Ball, location: 2F
1-2: Foul Ball, location: 2F
1-2: Ground out 4-3 (Groundball, 4M)
Bob Jones to second
Batting: SHB Oliver Riley 0-0: Called Strike
0-1: Foul Ball, location: 2F
0-2: Foul Ball, location: 2F
0-2: Ball
1-2: Foul Ball, location: 2F
1-2: Strikes out swinging
Top of the 1st over - 0 run(s), 1 hit(s), 0 error(s), 1 left on base; Santa Fe HS 0 - Shelby HS 0
BOTTOM OF THE 1ST
Shelby HS Rockets batting - Pitching for Santa Fe HS Chiefs : RHP Jeffery Young
Pitching: RHP Jeffery Young
Batting: RHB Scotty Hicks 0-0: Ball
1-0: Called Strike
1-1: Ball
2-1: Ball
3-1: SINGLE (Groundball, 6MD)
Batting: SHB Woody Stanley 0-0: Swinging Strike
0-1: Ball
1-1: Ball
2-1: Foul Ball, location: 2F
2-2: Fly out, F8 (Flyball, 8RM)
Batting: RHB Fernando Vargas 0-0: Foul Ball, location: 2F
0-1: SINGLE (Flyball, 78M)
Scotty Hicks to second
Batting: RHB Tommy Davenport 0-0: Ball
1-0: Called Strike
1-1: Called Strike
1-2: Ball
2-2: Foul Ball, location: 2F
2-2: Strikes out looking
Batting: RHB Jake Erickson 0-0: Ball
1-0: Ball
2-0: DOUBLE (Line Drive, 7LD)
Scotty Hicks scores
Fernando Vargas to third
Runner from 3rd tries for Home, SAFE, no throw or cutoff
Batting: RHB Rich Crabtree 0-0: Called Strike
0-1: Ball
1-1: Ball
2-1: DOUBLE (Line Drive, 7LS)
Jake Erickson scores
Batting: SHB Cornell Payne 0-0: Ball
1-0: Foul Ball, location: 2F
1-1: Ball
2-1: Foul Ball, location: 2F
2-2: Foul Ball, location: 2F
2-2: DOUBLE (Groundball, 3L)
Rich Crabtree scores
Batting: RHB Don Jackson 0-0: Called Strike
0-1: Ball
1-1: Swinging Strike
1-2: Ball
2-2: Ball
3-2: Base on Balls
Batting: RHB Walt McDonald 0-0: DOUBLE (Flyball, 7M)
Cornell Payne scores
Don Jackson to third
Runner from 3rd tries for Home, SAFE, no throw or cutoff
Batting: RHB Scotty Hicks 0-0: Called Strike
0-1: Foul Ball, location: 2F
0-2: Foul Ball, location: 2F
0-2: Strikes out swinging
Bottom of the 1st over - 6 run(s), 6 hit(s), 0 error(s), 1 left on base; Santa Fe HS 0 - Shelby HS 6
TOP OF THE 2ND
Santa Fe HS Chiefs batting - Pitching for Shelby HS Rockets : LHP Nathaniel Phillips
Batting: LHB Corey MacGregor 0-0: Called Strike
0-1: Ball
1-1: Ball
2-1: Ball
3-1: Foul Ball, location: 2F
3-2: Base on Balls
Batting: SHB Walton Locke 0-0: Called Strike
0-1: Called Strike
0-2: Strikes out looking
Batting: SHB Tony Yan 0-0: Ball
1-0: Ball
2-0: Called Strike
2-1: Ground out 5-3 (Groundball, 15S)
Corey MacGregor to second
Batting: RHB Kevin Cochrane 0-0: Called Strike
0-1: Ball
1-1: Swinging Strike
1-2: Foul Ball, location: 2F
1-2: Strikes out looking
Top of the 2nd over - 0 run(s), 0 hit(s), 0 error(s), 1 left on base; Santa Fe HS 0 - Shelby HS 6
BOTTOM OF THE 2ND
Shelby HS Rockets batting - Pitching for Santa Fe HS Chiefs : RHP Jeffery Young
Batting: SHB Woody Stanley 0-0: Called Strike
0-1: Foul Ball, location: 2F
0-2: Fly out, F8 (Flyball, 8LM)
Batting: RHB Fernando Vargas 0-0: DOUBLE (Line Drive, 3L)
Batting: RHB Tommy Davenport 0-0: Swinging Strike
0-1: Foul Ball, location: 2F
0-2: Ball
1-2: Ball
2-2: Ball
3-2: Base on Balls
Batting: RHB Jake Erickson 0-0: SINGLE (Line Drive, 7S)
Fernando Vargas to third
Tommy Davenport to second
Runner from 3rd tries for Home, throw and OUT!
Tommy Davenport to third
Jake Erickson to second
Batting: RHB Rich Crabtree 0-0: Fly out, F9 (Line Drive, 89M)
Bottom of the 2nd over - 0 run(s), 2 hit(s), 0 error(s), 2 left on base; Santa Fe HS 0 - Shelby HS 6
TOP OF THE 3RD
Santa Fe HS Chiefs batting - Pitching for Shelby HS Rockets : LHP Nathaniel Phillips
Batting: RHB Patrick Love 0-0: Ball
1-0: Swinging Strike
1-1: Called Strike
1-2: Ball
2-2: Strikes out swinging
Batting: RHB Art Cameron 0-0: Reached on Error, E8 (Flyball, 8RM)
Batting: LHB Bob Jones 0-0: Ball
Art Cameron steals 2nd base
1-0: Swinging Strike
1-1: Fly out, F7 (Line Drive, 78M)
Batting: RHB Jeff Bane 0-0: Ball
1-0: Called Strike
1-1: Called Strike
1-2: Strikes out swinging
Top of the 3rd over - 0 run(s), 0 hit(s), 1 error(s), 1 left on base; Santa Fe HS 0 - Shelby HS 6
BOTTOM OF THE 3RD
Shelby HS Rockets batting - Pitching for Santa Fe HS Chiefs : RHP Jeffery Young
Batting: SHB Cornell Payne 0-0: Ball
1-0: Ball
2-0: Foul Ball, location: 2F
2-1: Ball
3-1: Swinging Strike
3-2: Base on Balls
Batting: RHB Don Jackson 0-0: Called Strike
0-1: Ball
1-1: Called Strike
1-2: Strikes out swinging
Batting: RHB Walt McDonald 0-0: Ball
Cornell Payne steals 2nd base
1-0: Called Strike
1-1: Foul Ball, location: 2F
1-2: Fly out, F7 (Flyball, 78M)
Batting: RHB Scotty Hicks 0-0: Called Strike
0-1: Foul Ball, location: 2F
0-2: Ball
1-2: Foul Ball, location: 2F
1-2: Fly out, F4 (Line Drive, 4)
Bottom of the 3rd over - 0 run(s), 0 hit(s), 0 error(s), 1 left on base; Santa Fe HS 0 - Shelby HS 6
TOP OF THE 4TH
Santa Fe HS Chiefs batting - Pitching for Shelby HS Rockets : LHP Nathaniel Phillips
Batting: SHB Oliver Riley 0-0: Ball
1-0: Called Strike
1-1: Fly out, F8 (Flyball, 8LM)
Batting: LHB Corey MacGregor 0-0: Called Strike
0-1: Swinging Strike
0-2: Fly out, F9 (Flyball, 89M)
Batting: SHB Walton Locke 0-0: Called Strike
0-1: Ball
1-1: Fly out, F9 (Flyball, 9M)
Top of the 4th over - 0 run(s), 0 hit(s), 0 error(s), 0 left on base; Santa Fe HS 0 - Shelby HS 6
BOTTOM OF THE 4TH
Shelby HS Rockets batting - Pitching for Santa Fe HS Chiefs : RHP Jeffery Young
Batting: SHB Woody Stanley 0-0: Foul Ball, location: 2F
0-1: Called Strike
0-2: Strikes out looking
Batting: RHB Fernando Vargas 0-0: Ball
1-0: Ball
2-0: Fly out, F3 (Popup, 3DF)
Batting: RHB Tommy Davenport 0-0: Foul Ball, location: 2F
0-1: Swinging Strike
0-2: Foul Ball, location: 2F
0-2: Foul Ball, location: 2F
0-2: Foul Ball, location: 2F
0-2: SINGLE (Line Drive, 4M)
Pitching: RHP Jerry Catron
Batting: RHB Jake Erickson 0-0: Ball
1-0: 2-RUN HOME RUN (Flyball, 8LXD), Distance : 460 ft
Batting: RHB Rich Crabtree 0-0: Called Strike
0-1: Ball
1-1: Ball
2-1: Called Strike
2-2: Strikes out swinging
Bottom of the 4th over - 2 run(s), 2 hit(s), 0 error(s), 0 left on base; Santa Fe HS 0 - Shelby HS 8
TOP OF THE 5TH
Santa Fe HS Chiefs batting - Pitching for Shelby HS Rockets : LHP Nathaniel Phillips
Batting: SHB Tony Yan 0-0: Ball
1-0: Foul Ball, location: 2F
1-1: Foul Ball, location: 2F
1-2: DOUBLE (Flyball, 7M)
Batting: RHB Kevin Cochrane 0-0: Called Strike
0-1: Ball
1-1: Swinging Strike
1-2: Ball
2-2: Strikes out swinging
Batting: RHB Patrick Love 0-0: Ball
1-0: Ball
2-0: Ball
3-0: Base on Balls
Batting: RHB Art Cameron 0-0: Ball
1-0: Grounds into double play, 5-4-3 (Groundball, 5)
Top of the 5th over - 0 run(s), 1 hit(s), 0 error(s), 1 left on base; Santa Fe HS 0 - Shelby HS 8
BOTTOM OF THE 5TH
Shelby HS Rockets batting - Pitching for Santa Fe HS Chiefs : RHP Jerry Catron
Batting: SHB Cornell Payne 0-0: Ball
1-0: Called Strike
1-1: Ball
2-1: Ground out U3 (Groundball, 3)
Batting: RHB Don Jackson 0-0: Called Strike
0-1: Called Strike
0-2: Strikes out swinging
Batting: RHB Walt McDonald 0-0: Called Strike
0-1: Foul Ball, location: 2F
0-2: Ground out 6-3 (Groundball, 6)
Bottom of the 5th over - 0 run(s), 0 hit(s), 0 error(s), 0 left on base; Santa Fe HS 0 - Shelby HS 8
TOP OF THE 6TH
Santa Fe HS Chiefs batting - Pitching for Shelby HS Rockets : LHP Nathaniel Phillips
Batting: LHB Bob Jones 0-0: Called Strike
0-1: Fly out, F9 (Flyball, 9S)
Batting: RHB Jeff Bane 0-0: Ball
1-0: Swinging Strike
1-1: Ball
2-1: Foul Ball, location: 2F
2-2: Foul Ball, location: 2F
2-2: Ball
3-2: Foul Ball, location: 2F
3-2: Base on Balls
Pitching: LHP Michael Hays
Batting: SHB Oliver Riley 0-0: Called Strike
Jeff Bane steals 2nd base
0-1: Foul Ball, location: 2F
0-2: Ball
1-2: Ball
2-2: Foul Ball, location: 2F
2-2: Ball
3-2: Ground out 5-3 (Groundball, 56S)
Jeff Bane to third
Batting: LHB Corey MacGregor 0-0: Ball
1-0: Swinging Strike
1-1: Ball
2-1: 2-RUN HOME RUN (Line Drive, 89XD), Distance : 442 ft
Batting: SHB Walton Locke 0-0: Ball
1-0: Called Strike
1-1: Foul Ball, location: 2F
1-2: Strikes out swinging
Top of the 6th over - 2 run(s), 1 hit(s), 0 error(s), 0 left on base; Santa Fe HS 2 - Shelby HS 8
BOTTOM OF THE 6TH
Shelby HS Rockets batting - Pitching for Santa Fe HS Chiefs : RHP Jerry Catron
Batting: RHB Scotty Hicks 0-0: Ball
1-0: Called Strike
1-1: SINGLE (Line Drive, 89M)
Batting: SHB Woody Stanley 0-0: Ball
Scotty Hicks steals 2nd base
1-0: Foul Ball, location: 2F
1-1: Called Strike
1-2: SINGLE (Groundball, 34D)
Scotty Hicks to third
Batting: RHB Fernando Vargas 0-0: Ball
1-0: Swinging Strike
1-1: Foul Ball, location: 2F
1-2: Ball
2-2: Strikes out swinging
Batting: RHB Tommy Davenport 0-0: Called Strike
0-1: 3-RUN HOME RUN (Line Drive, 78XD), Distance : 431 ft
Pitching: RHP Herman Matthews
Batting: RHB Jake Erickson 0-0: Ball
1-0: Swinging Strike
1-1: SINGLE (Line Drive, 8LS)
Batting: RHB Rich Crabtree 0-0: Ball
1-0: Ball
2-0: Called Strike
2-1: Fly out, F8 (Flyball, 8LD)
Batting: SHB Cornell Payne 0-0: Ground out 1-3 (Groundball, 23)
Bottom of the 6th over - 3 run(s), 4 hit(s), 0 error(s), 1 left on base; Santa Fe HS 2 - Shelby HS 11
TOP OF THE 7TH
Santa Fe HS Chiefs batting - Pitching for Shelby HS Rockets : LHP Michael Hays
Batting: SHB Tony Yan 0-0: Ground out 4-3 (Groundball, 4M)
Batting: RHB Kevin Cochrane 0-0: Ball
1-0: Ball
2-0: Swinging Strike
2-1: DOUBLE (Line Drive, 7LD)
Batting: RHB Patrick Love 0-0: Ball
1-0: Ball
2-0: Ball
3-0: Base on Balls
Batting: RHB Art Cameron 0-0: Ground out U3 (Groundball, 3S)
Kevin Cochrane to third
Patrick Love to second
Batting: LHB Bob Jones 0-0: Ball
1-0: Ball
2-0: Foul Ball, location: 2F
2-1: SINGLE (Flyball, 8RS)
Kevin Cochrane scores
Patrick Love to third
Runner from 3rd tries for Home, SAFE, no throw or cutoff
Batting: RHB Jeff Bane 0-0: Called Strike
0-1: Swinging Strike
0-2: Ball
Bob Jones is caught stealing 2nd base
Top of the 7th over - 2 run(s), 2 hit(s), 0 error(s), 0 left on base; Santa Fe HS 4 - Shelby HS 11
BOTTOM OF THE 7TH
Shelby HS Rockets batting - Pitching for Santa Fe HS Chiefs : RHP Herman Matthews
Batting: RHB Don Jackson 0-0: Swinging Strike
0-1: Called Strike
0-2: Foul Ball, location: 2F
0-2: Foul Ball, location: 2F
0-2: Strikes out swinging
Batting: RHB Walt McDonald 0-0: Ball
1-0: Foul Ball, location: 2F
1-1: Ball
2-1: Called Strike
2-2: Ball
3-2: Foul Ball, location: 2F
3-2: Ground out 6-3 (Groundball, 6)
Batting: RHB Scotty Hicks 0-0: Ball
1-0: Ball
2-0: Ball
3-0: Called Strike
3-1: Foul Ball, location: 2F
3-2: Strikes out swinging
Bottom of the 7th over - 0 run(s), 0 hit(s), 0 error(s), 0 left on base; Santa Fe HS 4 - Shelby HS 11
TOP OF THE 8TH
Santa Fe HS Chiefs batting - Pitching for Shelby HS Rockets : LHP Michael Hays
Batting: RHB Jeff Bane 0-0: Ball
1-0: Ball
2-0: Ball
3-0: Base on Balls
Batting: SHB Oliver Riley 0-0: Called Strike
0-1: Ball
Wild Pitch!
Jeff Bane to second
1-1: SINGLE (Line Drive, 89S)
Jeff Bane to third
Batting: LHB Corey MacGregor 0-0: Ball
1-0: Foul Ball, location: 2F
1-1: Called Strike
1-2: Foul Ball, location: 2F
1-2: Foul Ball, location: 2F
1-2: Ball
2-2: SINGLE (Line Drive, 56)
Jeff Bane scores
Oliver Riley to second
Batting: SHB Walton Locke 0-0: Called Strike
0-1: Ball
1-1: SINGLE (Line Drive, 56D)
Oliver Riley to third
Corey MacGregor to second
Pitching: LHP Gonzalo Tobías
Batting: SHB Tony Yan 0-0: Foul Ball, location: 2F
0-1: Swinging Strike
0-2: Strikes out looking
Batting: RHB Kevin Cochrane 0-0: Ball
1-0: Called Strike
1-1: Foul Ball, location: 2F
1-2: Strikes out looking
Batting: RHB Patrick Love 0-0: Ground out 4-3 (Groundball, 4)
Top of the 8th over - 1 run(s), 3 hit(s), 0 error(s), 3 left on base; Santa Fe HS 5 - Shelby HS 11
BOTTOM OF THE 8TH
Shelby HS Rockets batting - Pitching for Santa Fe HS Chiefs : RHP Herman Matthews
Batting: SHB Woody Stanley 0-0: Fly out, F3 (Popup, 2R)
Pitching: RHP Miguel López
Batting: RHB Fernando Vargas 0-0: Called Strike
0-1: Foul Ball, location: 2F
0-2: Ball
1-2: Ball
2-2: Foul Ball, location: 2F
2-2: Strikes out swinging
Batting: RHB Tommy Davenport 0-0: Called Strike
0-1: Ground out 4-3 (Groundball, 4)
Bottom of the 8th over - 0 run(s), 0 hit(s), 0 error(s), 0 left on base; Santa Fe HS 5 - Shelby HS 11
TOP OF THE 9TH
Santa Fe HS Chiefs batting - Pitching for Shelby HS Rockets : LHP Gonzalo Tobías
Batting: RHB Art Cameron 0-0: Called Strike
0-1: Called Strike
0-2: Strikes out swinging
Batting: LHB Bob Jones 0-0: Called Strike
0-1: Ball
1-1: Ball
2-1: Ball
3-1: Swinging Strike
3-2: Base on Balls
Batting: RHB Jeff Bane 0-0: Called Strike
0-1: Ball
1-1: SINGLE (Groundball, 56D) (infield hit)
Bob Jones to second
Batting: SHB Oliver Riley 0-0: Ball
1-0: Ball
2-0: Ball
3-0: Base on Balls
Bob Jones to third
Jeff Bane to second
Batting: LHB Corey MacGregor 0-0: Swinging Strike
0-1: SINGLE (Line Drive, 89S)
Bob Jones scores
Jeff Bane to third
Oliver Riley to second
Pitching: RHP Eddy Jackson
Batting: SHB Walton Locke 0-0: Called Strike
0-1: Fly out, F7 (Flyball, 78D)
Runner from 3rd tags up, SCORES, no throw
Batting: SHB Tony Yan 0-0: Ball
1-0: Ball
2-0: Called Strike
2-1: Ball
3-1: Base on Balls
Oliver Riley to third
Corey MacGregor to second
Batting: RHB Kevin Cochrane 0-0: Ball
1-0: Ball
2-0: Called Strike
2-1: Swinging Strike
2-2: Ball
3-2: Base on Balls
Oliver Riley scores
Corey MacGregor to third
Tony Yan to second
Batting: RHB Patrick Love 0-0: Ball
1-0: Swinging Strike
1-1: Ball
2-1: Swinging Strike
2-2: Foul Ball, location: 2F
2-2: Ball
3-2: Foul Ball, location: 2F
3-2: Strikes out swinging
Top of the 9th over - 3 run(s), 2 hit(s), 0 error(s), 3 left on base; Santa Fe HS 8 - Shelby HS 11
This league is powered by Out of the Park Baseball, the baseball management simulation game for PC, Mac and Linux
Wednesday, December 2nd, 2015 - OOTP Baseball 16.8 Build 38